 Dungeon Crawl Stone Soup version 0.18.1-5-g4a78601 (webtiles) character file.

107 esc the Firebug (level 4, 0/37 HPs)
             Began as a Deep Elf Fire Elementalist on May 12, 2016.
             Slain by a hound (7 damage)
             ... on level 5 of the Dungeon.
             The game lasted 00:04:51 (2220 turns).

esc the Firebug (Deep Elf Fire Elementalist)        Turns: 2220, Time: 00:04:52

Health: 0/37       AC:  3    Str: 10    XL:     4   Next: 57%
Magic:  6/11       EV: 19    Int: 21    God:
Gold:   174        SH:  0    Dex: 20    Spells: 1 memorised, 9 levels left

rFire  . . .     SeeInvis .     m - +0 short sword
rCold  . . .     Gourm    .     a - +1 robe
rNeg   . . .     Faith    .     (no shield)
rPois  .         Spirit   .     (no helmet)
rElec  .         Dismiss  .     (no cloak)
rCorr  .         Reflect  .     (no gloves)
SustAt .         Harm     +     (no boots)
MR     .....     Rnd*Tele +     l - amulet of harm
Stlth  ..........               (no ring)
                                o - ring of teleportation {+/*tele, !d}

@: agile, berserking, very slightly contaminated, very quick, not resistant to
hostile enchantments, extremely unstealthy
A: no striking features
a: no special abilities


You were on level 5 of the Dungeon.
You were not hungry.

You visited 1 branch of the dungeon, and saw 5 of its levels.

You collected 174 gold pieces.

Inventory:

Hand Weapons
 e - a +0 hunting sling
   (You found it on level 1 of the Dungeon)
 h - a +0 club
   (You took it off a hobgoblin on level 1 of the Dungeon)
 i - a +0 club
   (You took it off a goblin on level 1 of the Dungeon)
 m - a +0 short sword (weapon)
   (You took it off a kobold on level 1 of the Dungeon)
Missiles
 d - 30 stones (quivered)
Armour
 a - a +1 robe (worn)
Magical Staves
 s - an uncursed staff of wizardry {unknown}
   (You found it on level 4 of the Dungeon)
Jewellery
 l - an amulet of harm (around neck)
   (You found it on level 1 of the Dungeon)
 o - a ring of teleportation (left hand) {+/*tele, !d}
   (You took it off a goblin on level 1 of the Dungeon)
 p - an uncursed ring of ice {rC+, rF-}
   (You found it on level 2 of the Dungeon)
Scrolls
 n - 3 scrolls of teleportation
Potions
 f - a potion of curing
 t - a potion of mutation {unknown}
 u - a potion of magic {unknown}
Books
 b - a book of Flames
Comestibles
 c - 3 bread rations {@e1}
 g - 3 meat rations {@e2}
 j - a beef jerky
 q - 3 chunks of flesh {@w0}


   Skills:
 + Level 1.4 Fighting
 + Level 3.2 Dodging
 - Level 2.4 Stealth
 + Level 3.6 Spellcasting
 + Level 2.4 Conjurations
 + Level 4.0 Fire Magic


You had 9 spell levels left.
You knew the following spells:

 Your Spells              Type           Power        Failure   Level  Hunger
a - Flame Tongue          Conj/Fire      ###..        3%          1    None


Dungeon Overview and Level Annotations

Branches:
Dungeon (5/15)
 Temple: D:4-7

Altars:
Ru
Trog

Annotations:
D:3 Terence
D:5 exclusion: Edmund, Edmund


Message History

There is an open door here.
You open the door.
There is an open door here.
n - 3 scrolls of teleportation (gained 1) Eating one of 2 chunks of flesh {@w0}.
You continue eating. x2
You open the door.
There is an open door here.
t - an emerald potion Read which item? (? for menu, Esc to quit)
Okay, then.
You now have 174 gold pieces (gained 14).
You open the door.
There is an open door here.
Edmund the Younger comes into view.
He is wielding a flail of protection.
Unknown command.
There is an open door here.
There is an open door here.
An orc comes into view. It is wielding an antimagic flail.
Aim: an orc, wielding an antimagic flail (resting)
You miscast Flame Tongue.
You are very lightly contaminated with residual magic.
Strange energies run through your body.
You now have 10/11 mp.
Aim: an orc, wielding an antimagic flail (resting)
The flame tongue hits the orc.
You now have 9/11 mp.
Aim: an orc, wielding an antimagic flail (lightly wounded)
The flame tongue hits the orc.
You kill the orc!
You now have 8/11 mp.
Things that are here:
an antimagic flail; an orc corpse You butcher the orc corpse.
q - 4 chunks of flesh {@w0} (gained 3)
You see here an antimagic flail.
Found a stone staircase leading down.
You can't see any susceptible monsters within range! (Use Z to cast anyway.)
You open the door.
There is an open door here.
You open the door.
Found a stone staircase leading up.
There is an open door here.
Your magical contamination has completely faded away.
u - a bubbling emerald potion MP restored: 11 Read which item? (? for menu, Esc to quit)
Okay, then.
You open the door.
There is an open door here.
Some of the chunks of flesh in your inventory have rotted away.
You are suddenly yanked towards some nearby monsters!
Your surroundings suddenly seem different.
A hound, 2 orcs, an orc wizard and an ogre come into view.
There are monsters nearby!
The hound barks!
The orc shouts!
The orc moves out of view.
Aim: a hound The flame tongue hits the hound.
You now have 10/11 mp.
Aim: a hound (lightly wounded)
The flame tongue hits the hound.
The hound closely misses you. The hound bites you.
You take 6 damage, and have 19/25 hp.
MASSIVE DAMAGE!!
You now have 9/11 mp.
Aim: a hound (lightly wounded)
The flame tongue misses the hound.
The hound barely misses you.
You now have 8/11 mp.
Aim: a hound (lightly wounded)
The flame tongue hits the hound.
The hound misses you. x2
The orc hits you with a whip.
You take 6 damage, and have 14/25 hp.
MASSIVE DAMAGE!!
You now have 7/11 mp.
Aim: a hound (heavily wounded)
The flame tongue hits the hound.
The hound bites you.
You take 1 damage, and have 13/25 hp.
You now have 6/11 mp.
Read which item? (? for menu, Esc to quit)
Okay, then.
Drink which item? (? for menu, Esc to quit)
It was a potion of agility.
You feel agile all of a sudden. The hound bites you. The hound misses you.
You take 5 damage, and have 8/25 hp.
Aim: a hound (severely wounded)
You miscast Flame Tongue.
You are very lightly contaminated with residual magic.
Nothing appears to happen.
The hound closely misses you. The orc hits you but does no damage.
The orc hits you with a whip.
* * * LOW HITPOINT WARNING * * *
You take 3 damage, and have 5/25 hp.
You now have 5/11 mp.
Drink which item? (? for menu, Esc to quit)
Really quaff
k - a potion of berserk rage {!q}?
A red film seems to cover your vision as you go berserk!
You feel yourself moving faster!
You feel mighty!
The orc wizard shouts!
The hound bites you.
You die...

#### ....#
....# ....#
######+#....
#.......#
#.......#
#.....oh#
#.....o@#
#..o..#+###
#.....
#....o
#.O...
....##


You could see a hound, an orc wizard and 2 orcs.

Vanquished Creatures
  A hound (D:4)
  2 adders
  An adder skeleton (D:4)
  A worm (D:1)
  2 dart slugs (D:1)
  4 giant geckos
  An orc (D:5)
  A ball python (D:1)
  3 bats (D:1)
  6 goblins
  7 hobgoblins
  2 giant newts (D:1)
  8 kobolds
  7 rats
46 creatures vanquished.

Notes
Turn   | Place    | Note
--------------------------------------------------------------
     0 | D:1      | esc the Deep Elf Fire Elementalist began the quest for the Orb.
     0 | D:1      | Reached XP level 1. HP: 10/10 MP: 6/6
   178 | D:1      | Reached XP level 2. HP: 15/15 MP: 6/8
   501 | D:1      | Reached skill level 1 in Fighting
   566 | D:1      | HP: 4/16 [kobold (5)]
   566 | D:1      | HP: 1/16 [kobold (3)]
   592 | D:1      | Reached XP level 3. HP: 12/20 MP: 2/9
  1218 | D:1      | Reached skill level 2 in Conjurations
  1239 | D:2      | Found a bloodstained altar of Trog.
  1961 | D:3      | Noticed Terence
  1969 | D:4      | Reached skill level 3 in Dodging
  1969 | D:4      | Reached XP level 4. HP: 24/25 MP: 6/11
  1976 | D:4      | Found a sacrificial altar of Ru.
  1981 | D:4      | Reached skill level 4 in Fire Magic
  2066 | D:5      | Entered Level 5 of the Dungeon
  2139 | D:5      | Noticed Edmund
  2210 | D:5      | Noticed an ogre
  2219 | D:5      | HP: 5/25 [orc/whip (3)]
  2220 | D:5      | Slain by a hound

Skill      XL: |  1  2  3  4 |
---------------+-------------+-----
Fighting       | 1 |  1.4
Conjurations   | 2 |  2.4
Dodging        | 3 |  3.2
Fire Magic     | 4 |  4.0
Stealth        | |  2.4
Spellcasting   | |  3.6

Action                   |  1- 3 |  4- 6 || total
-------------------------+-------+-------++-------
Melee: Unarmed           |     2 |       ||     2
       Short sword       |    27 |       ||    27
 Cast: Flame Tongue      |    68 |    13 ||    81
  Use: Scroll            |     7 |       ||     7
       Potion            |     1 |     2 ||     3
 Stab: Sleeping          |     1 |       ||     1
  Eat: Chunk             |     3 |     1 ||     4
Armor: Robe              |     5 |       ||     5
Dodge: Dodged            |    37 |     6 ||    43

Vault maps used:
D:1:      evilmike_arrival_run_for_it
D:2:      lemuel_crystal_altar, first_bread, nrook_uturn,
          minmay_stone_trees_medium
D:3:      trog_three_pillars_becter, uniq_crazy_yiuf_cottage, uniq_terence,
          uniq_iyjb
D:4:      lemuel_crystal_altar, nicolae_ru_awakened_eye,
          nicolae_dithmenos_through_a_glass_darkly, nemelex_dance_club_becter
D:5:      uniq_eustachio, uniq_pikel, uniq_edmund

Table legend:
 A = Turns spent in this place as a percentage of turns spent in the entire game.
 B = Non-inter-level travel turns spent in this place as a percentage of non-inter-level travel turns spent in the entire game.
 C = Inter-level travel turns spent in this place as a percentage of turns spent in this place.
 D = Turns resting spent in this place as a percentage of non-inter-level travel turns spent in this place.
 E = Turns spent auto-exploring this place as a percentage of non-inter-level travel turns spent in this place.
 F = Non-inter-level travel turns spent in this place divided by the number of levels of this place that you've seen.
                   A       B       C       D       E      F
               +-------+-------+-------+-------+-------+----------------------
         Total | 100.0 | 100.0 |   0.8 |   4.2 |  12.9 | 101.0
       Dungeon | 100.0 | 100.0 |   0.8 |   4.2 |  12.9 | 101.0
               +-------+-------+-------+-------+-------+----------------------

Table legend:
 A = Kills in this place as a percentage of kills in entire the game.
 B = Kills by you in this place as a percentage of kills by you in the entire game.
 C = Kills by friends in this place as a percentage of kills by friends in the entire game.
 D = Other kills in this place as a percentage of other kills in the entire game.
 E = Experience gained in this place as a percentage of experience gained in the entire game.
 F = Experience gained in this place divided by the number of levels of this place that you have seen.
                   A       B       C       D       E      F
               +-------+-------+-------+-------+-------+----------------------
         Total | 100.0 | 100.0 |  -nan |  -nan | 100.0 |  30.8
       Dungeon | 100.0 | 100.0 |  -nan |  -nan | 100.0 |  30.8
               +-------+-------+-------+-------+-------+----------------------
